 Dungeon Crawl Stone Soup version 0.22.0 (webtiles) character file.

157 CyclopB the Cudgeler (level 5, 0/48 HPs)
             Began as a Troll Gladiator on Dec 26, 2018.
             Was an Initiate of Okawaru.
             Splashed by a jelly's acid (3 damage)
             ... on level 3 of the Dungeon.
             The game lasted 00:12:50 (2231 turns).

CyclopB the Cudgeler (Troll Gladiator)              Turns: 2231, Time: 00:12:50

Health: 0/48       AC: -11   Str: 22    XL:     5   Next: 15%
Magic:  4/4        EV:  9    Int:  4    God:    Okawaru [......]
Gold:   75         SH:  0    Dex: 12    Spells: 4/4 levels left

rFire    . . .     SeeInvis .   e - +0 whip
rCold    . . .     Gourm    +   (no shield)
rNeg     . . .     Faith    .   b - +0 robe
rPois    .         Spirit   .   c - +0 hat
rElec    .         Reflect  .   (no cloak)
rCorr    .         Harm     .   (gloves unavailable)
MR       .....                  (boots unavailable)
Stlth    +.........             (no amulet)
HPRegen  0.56/turn              (no ring)
MPRegen  0.09/turn              (no ring)

@: corroded, heavily drained
A: large, unfitting armour, claws 3, fast metabolism 3, gourmand, regeneration
1, shaggy fur 1, tough skin 2
a: Renounce Religion


You were on level 3 of the Dungeon.
You worshipped Okawaru.
Okawaru was noncommittal.
You were full.

You visited 1 branch of the dungeon, and saw 3 of its levels.

You collected 75 gold pieces.

Inventory:

Hand Weapons
 a - a +0 flail
 e - a +0 whip (weapon)
 r - a +0 hunting sling of freezing
Missiles
 d - 3 throwing nets
 g - 57 stones (quivered)
Armour
 b - a +0 robe (worn)
 c - a +0 hat (worn)
 q - a +0 cloak
Jewellery
 l - an uncursed ring of positive energy {unknown}
 p - an uncursed ring of protection from magic {unknown}
Scrolls
 h - 3 scrolls of identify {unknown}
 i - a scroll of remove curse {unknown}
 k - a scroll of fog {unknown}
 m - 3 scrolls of fear {unknown}
 n - 2 scrolls of blinking {unknown}
 o - a scroll of noise {unknown}
 t - a scroll of teleportation {unknown}
Potions
 j - a potion of curing {unknown}
 s - a potion of degeneration {unknown}
 u - a potion of cancellation {unknown}
Comestibles
 f - 7 rations


   Skills:
 - Level 1.5(0.1) Fighting
 + Level 5.4(3.8) Maces & Flails
 - Level 1.7(0.3) Throwing
 - Level 2.4(0.9) Dodging


You had 4 spell levels left.
You didn't know any spells.
Your spell library was empty.

Dungeon Overview and Level Annotations

Branches:
Dungeon (3/15)

Altars:
Gozag
Makhleb
Nemelex Xobeh
Okawaru
Trog


Innate Abilities, Weirdness & Mutations

You are too large for most types of armour.
You have claws for hands.
Your metabolism is lightning-fast.
You like to eat raw meat.
Your natural rate of healing is unusually fast.
You are covered in fur. (AC +1)
You have very tough skin. (AC +2)


Message History

You hit the jelly. The acid corrodes you!
Your claws burn!
The jelly is severely wounded.
The jelly barely misses you.
You hit the jelly but do no damage. The acid corrodes you!
Your claws burn!
The jelly is severely wounded.
The jelly completely misses you.
You hit the jelly.
Your claws burn!
The jelly is almost dead.
You hit the jelly but do no damage.
Your claws burn!
The jelly is almost dead.
The jelly hits you.
You are splashed with acid!
The acid burns!
* * * LOW HITPOINT WARNING * * *
You barely miss the jelly.
The jelly is almost dead.
The jelly hits you.
* * * LOW HITPOINT WARNING * * *
The acid corrodes you!
You are splashed with acid!
The acid burns!
* * * LOW HITPOINT WARNING * * *
You hit the jelly.
Your claws burn!
You die...

#.# #.##### #......
#.##### ######.#####
............. #.>.#
#######.###.#
####.#.# ### #......
.......# #######@#
#......
.......###....#.#J#
#......
#.....##.....#.#(#
#......
#.#...'......#'#.#
#......
#.....'........#(#
#..)...
#.#.)))........#(#
#.##.#.
##.#..)##.......#.#
#.##.#.
.....รท####......##.
#...... ......#
######## #......


You could see a jelly.

Vanquished Creatures
  An orc wizard (D:3)
  4 adders
  An ooze (D:1)
  4 worms (D:2)
  A dart slug (D:3)
  3 leopard geckos
  4 orcs (D:3)
  6 bats
  A giant cockroach (D:3)
  7 goblins
  6 hobgoblins
  5 jackals (D:3)
  17 kobolds
  A ball python (D:1)
  A frilled lizard (D:3)
  4 rats
66 creatures vanquished.

Vanquished Creatures (others)
  7 toadstools (D:3)
7 creatures vanquished.

Grand Total: 73 creatures vanquished

Notes
Turn   | Place    | Note
-------+----------+-------------------------------------------
     0 | D:1      | CyclopB the Troll Gladiator began the quest for the Orb.
     0 | D:1      | Reached XP level 1. HP: 19/19 MP: 0/0
    54 | D:1      | Reached skill level 3 in Maces & Flails
   109 | D:1      | Reached XP level 2. HP: 27/27 MP: 1/1
   785 | D:2      | Found an iron altar of Okawaru.
   800 | D:2      | Reached XP level 3. HP: 26/33 MP: 2/2
   841 | D:2      | Became a worshipper of Warmaster Okawaru
   852 | D:2      | Reached skill level 4 in Maces & Flails
  1041 | D:2      | Found a sparkling altar of Nemelex Xobeh.
  1041 | D:2      | Found an opulent altar of Gozag.
  1146 | D:2      | Reached XP level 4. HP: 32/41 MP: 3/3
  1178 | D:2      | Found a bloodstained altar of Trog.
  1398 | D:2      | Found a burning altar of Makhleb.
  1951 | D:3      | Reached skill level 5 in Maces & Flails
  2024 | D:3      | Reached XP level 5. HP: 43/48 MP: 4/4
  2231 | D:3      | Splashed by a jelly's acid

Skill      XL: |  1  2  3  4 |
---------------+-------------+-----
Maces & Flails | 3 4 5 |  5.4
Fighting       | |  1.5
Throwing       | |  1.7
Dodging        | |  2.4

Action                   |  1- 3 |  4- 6 || total
-------------------------+-------+-------++-------
Melee: Whip              |   177 |   136 ||   313
       Flail             |     9 |       ||     9
Throw: Stone             |    41 |    61 ||   102
  Eat: Chunk             |     9 |    13 ||    22
Armor: Robe              |    51 |    34 ||    85
Dodge: Dodged            |    75 |    58 ||   133
